 Dungeon Crawl Stone Soup version 0.31-a0-675-g238779eb0a (webtiles) character file.

Game seed: 17343832404930494118

5 qw the Shooter (level 1, 0/12 HPs)
             Began as a Gargoyle Hunter on Sept 5, 2023.
             Slain by a kobold
             ... wielding a +0 short sword
              (4 damage)
             ... on level 1 of the Dungeon.
             The game lasted 00:00:04 (139 turns).

qw the Shooter (Gargoyle Hunter)                     Turns: 139, Time: 00:00:04

Health: 0/12       AC:  5    Str: 14    XL:     1   Next: 80%
Magic:  1/1        EV: 11    Int:  9    God:
Gold:   0          SH:  0    Dex: 13    Spells: 0/0 levels left

rFire   . . .        a - +0 shortbow
rCold   . . .        (shield currently unavailable)
rNeg    + . .        c - +0 leather armour
rPois   inf          (no helmet)
rElec   +            (no cloak)
rCorr   .            (no gloves)
SInv    .            (no boots)
Will    .....        (no amulet)
Stlth   +            (no ring)
HPRegen 0.22/turn    (no ring)
MPRegen 0.07/turn

%: no passive effects
@: no status effects
A: sickness immunity, AC +2, negative energy resistance 1, electricity
resistance, torment resistance 1, petrification resistance
a: no special abilities


You were on level 1 of the Dungeon.
You visited 1 branch of the dungeon, and saw 1 of its levels.


Innate Abilities, Weirdness & Mutations

You are immune to sickness and miasma.
Your stone body is resilient. (AC +2)
You are immune to poison.
You resist negative energy. (rN+)
You are resistant to electric shocks. (rElec)
You are resistant to unholy torment.
You are immune to petrification.


   Skills:
 - Level 2.1 Fighting
 + Level 4.3 Ranged Weapons
 - Level 1.5 Dodging
 - Level 1.1 Stealth


You couldn't memorise any spells.
You didn't know any spells.
Your spell library was empty.

Inventory:

Hand Weapons
 a - a +0 shortbow (weapon)
Armour
 c - a +0 leather armour (worn)
Jewellery
 e - a ring of resist corrosion
Scrolls
 b - a scroll of butterflies
 d - a scroll of vulnerability {unknown}

Dungeon Overview and Level Annotations

Branches:
Dungeon (1/15)

Altars:


Message History

A kobold comes into view. It is wielding a +0 short sword.
The hobgoblin shouts!
You shoot an arrow. The arrow closely misses the hobgoblin.
You shoot an arrow. The arrow closely misses the hobgoblin.
You shoot an arrow. The arrow barely misses the hobgoblin.
You shoot an arrow. The arrow hits the hobgoblin.
The hobgoblin is moderately wounded.
You shoot an arrow. The arrow hits the hobgoblin.
The hobgoblin is heavily wounded.
A jackal comes into view.
The kobold barely misses you. The hobgoblin closely misses you.
You shoot an arrow. The arrow closely misses the hobgoblin.
A goblin comes into view. It is wielding a +0 club.
The kobold closely misses you. The hobgoblin barely misses you.
You shoot an arrow. The arrow barely misses the hobgoblin.
The goblin shouts!
The arrow hits the jackal but does no damage.
The hobgoblin hits you.
The kobold hits you with a +0 short sword.
You shoot an arrow. The arrow closely misses the hobgoblin.
The arrow barely misses the jackal.
The arrow barely misses the goblin.
The hobgoblin barely misses you. The kobold hits you but does no damage.
You shoot an arrow. The arrow hits the hobgoblin.
You kill the hobgoblin!
The kobold hits you with a +0 short sword.
The jackal bites you.
You shoot an arrow. The arrow hits the jackal.
The jackal is severely wounded.
The kobold hits you with a +0 short sword.
The jackal closely misses you. The kobold barely misses you.
You shoot an arrow. The arrow barely misses the jackal.
The arrow hits the goblin.
You kill the goblin!
The jackal bites you but does no damage.
The kobold hits you with a +0 short sword.
The jackal closely misses you.
You shoot an arrow. The arrow hits the jackal.
You kill the jackal!
The kobold hits you with a +0 short sword.
You die...

.#..........#
.#...........#
.............#
#...........##
##............######
.........>..#......#
...........##......#
##....K............#
.....).@........)..#
.#...........###..##
#..........####..#
..................#
###........#####.##
.........##.....#
........#..#.#####
.#.#...###.#.# #.#


You could see a kobold.

Vanquished Creatures
  2 hobgoblins (D:1)
  A jackal (D:1)
  A frilled lizard (D:1)
  2 goblins (D:1)
6 creatures vanquished.

Notes
Turn   | Place    | Note
-------+----------+-------------------------------------------
     0 | D:1      | qw the Gargoyle Hunter began the quest for the Orb.
     0 | D:1      | Reached XP level 1. HP: 12/12 MP: 1/1
     0 | D:1      | 0 ||| qw: Version: 0.3-a-75-g829b12e
     0 | D:1      | 0 ||| qw: Game counter: 93
     0 | D:1      | 0 ||| qw: Melee chars always use a shield: true
     0 | D:1      | 0 ||| qw: God list: Okawaru
     0 | D:1      | 0 ||| qw: Allow faded altars: false
     0 | D:1      | 0 ||| qw: Do Orc after clearing Dungeon:15 true
     0 | D:1      | 0 ||| qw: Do second Lair branch before Depths: true
     0 | D:1      | 0 ||| qw: Lair rune preference: random
     0 | D:1      | 0 ||| qw: Goals: Normal
     0 | D:1      | 0 ||| PLANNING D:1-11
   139 | D:1      | Slain by a kobold

Levels and vault maps discovered:
D:1:      minmay_arrival_pointy, layout_rooms

Action                     || total
---------------------------++-------
   Fire: Shortbow          ||    20
 Armour: Leather armour    ||     9
  Dodge: Dodged            ||     8

Table legend:
 A = Non-vault XP
 B = Vault XP
 C = Vault XP percentage of total XP
 D = Non-vault monster count
 E = Vault monster count
 F = Vault count percentage of total count
                 A         B        C        D         E       F
            +---------+---------+-------+---------+---------+-------
      Total |      10 |       0 |   0.0 |       6 |       0 |   0.0
            +---------+---------+-------+---------+---------+-------
        D:1 |      10 |       0 |   0.0 |       6 |       0 |   0.0
            +---------+---------+-------+---------+---------+-------
